 Dungeon Crawl Stone Soup version 0.23-a0-261-g133332c (webtiles) character file.

55 lemonriz the Ruffian (level 3, 0/30 HPs)
             Began as a Draconian Transmuter on Sept 30, 2018.
             Succumbed to a worker ant's poison
             ... on level 2 of the Dungeon.
             The game lasted 00:02:18 (2015 turns).

lemonriz the Ruffian (Draconian Transmuter)         Turns: 2015, Time: 00:02:19

Health: 0/30       AC:  8    Str: 12    XL:     3   Next: 67%
Magic:  6/6        EV: 12    Int: 14    God:
Gold:   64         SH:  0    Dex: 11    Spells: 5/6 levels left

rFire    . . .     SeeInvis .     - Unarmed
rCold    . . .     Gourm    .   (no shield)
rNeg     . . .     Faith    .   (armour unavailable)
rPois    .         Spirit   .   (helmet restricted)
rElec    .         Reflect  .   (no cloak)
rCorr    .         Harm     .   (no gloves)
MR       .....                  f - +2 pair of boots
Stlth    +.........             (no amulet)
HPRegen  0.10/turn              (no ring)
MPRegen  0.10/turn              (no ring)

@: lethally poisoned (0 -> -12)
A: unfitting armour, cold-blooded, AC +5
a: no special abilities


You were on level 2 of the Dungeon.
You were hungry.

You visited 1 branch of the dungeon, and saw 3 of its levels.

You collected 64 gold pieces.

Inventory:

Missiles
 a - 60 arrows
Armour
 f - a +2 pair of boots (worn)
Scrolls
 d - a scroll of blinking {unknown}
 e - a scroll of fear {unknown}
 h - a scroll of amnesia {unknown}
 i - a scroll of teleportation {unknown}
Potions
 g - a potion of agility {unknown}
Comestibles
 c - 3 rations


   Skills:
 + Level 2.4 Fighting
 - Level 1.7 Dodging
 + Level 3.6 Unarmed Combat
 - Level 2.0 Spellcasting
 + Level 2.8 Transmutations


You had 5 spell levels left.
You knew the following spells:

 Your Spells              Type           Power        Failure   Level  Hunger
a - Beastly Appendage     Tmut           #.....       8%          1    ##.....

Your spell library contained the following spells:

 Spells                   Type           Power        Failure   Level  Hunger
 Sticks to Snakes         Tmut           #.......     11%         2    ###....
 Spider Form              Tmut/Pois      #.........   36%         3    ####...
 Ice Form                 Ice/Tmut       #.......     78%         4    #####..
 Blade Hands              Tmut           #.........   90%         5    ######.


Dungeon Overview and Level Annotations

Branches:
Dungeon (3/15)

Altars:


Innate Abilities, Weirdness & Mutations

Your plain brown scales are hard. (AC +5)
You cannot fit into any form of body armour.
You are cold-blooded and may be slowed by cold attacks.


Message History

The worker ant bites you.
* * * LOW HITPOINT WARNING * * *
You hit the worker ant.
The worker ant is moderately wounded.
You feel sick. The worker ant closely misses you.
A jackal comes into view.
An adder comes into view.
The worker ant bites you.
* * * LOW HITPOINT WARNING * * *
You are more poisoned.
The worker ant poisons you!
The worker ant bites you but does no damage.
* * * LOW HITPOINT WARNING * * *
You feel sick. The worker ant completely misses you.
There is a stone staircase leading up here.
* * * LOW HITPOINT WARNING * * *
You feel sick.
The jackal bites you but does no damage.
The worker ant barely misses you. The jackal closely misses you.
You climb upwards.
You die...

.......#
#.##############.#......
####.#.#
#.#..............#.#####
...#.#.###.#..............#.#
.#.#.#.#.#.#..............#.#
.+...#.#.#.#..............#.#
.#.#.#.#.#.##############.#.#
##.#...#..........# #.#.#
##.#...#.#.######.### #.#.#
................@a..#
#.#.#####
##.#.......#####.h#.#
#.#...... ##.###...#.# #....#
#.####### .#.# #...#.# #..###
#.# .#รท#
#...#.#####..#######.#
.#.###.#..................#
.'.............#..###########
.#.###.#..####.#..# #.......#
..................#
#.###.#######


You could see a worker ant and a jackal.

Vanquished Creatures
  2 adders (D:2)
  A dart slug (D:2)
  3 worms (D:2)
  A leopard gecko (D:2)
  An orc (D:3)
  A ball python (D:2)
  4 bats (D:2)
  2 giant cockroaches
  3 hobgoblins
  A kobold (D:1)
  A frilled lizard (D:2)
  2 goblins (D:2)
  4 rats
26 creatures vanquished.

Notes
Turn   | Place    | Note
-------+----------+-------------------------------------------
     0 | D:1      | lemonriz the Draconian Transmuter began the quest for the
                  | Orb.
     0 | D:1      | Reached XP level 1. HP: 16/16 MP: 3/3
   800 | D:2      | Reached XP level 2. HP: 12/23 MP: 3/5
  1309 | D:2      | Reached XP level 3. HP: 17/29 MP: 6/6
  2015 | D:2      | Succumbed to a worker ant's poison

Vault maps used:
D:1:      dpeg_arrival_arbitrary_c, minivault_5

Skill      XL: |  1  2 |
---------------+-------+-----
Fighting       | 2 |  2.4
Dodging        | |  1.7
Unarmed Combat | |  3.6
Spellcasting   | |  2.0
Transmutations | |  2.8

Action                   || total
-------------------------++-------
Melee: Unarmed           ||   116
       Tailslap          ||    12
       Headbutt          ||     6
       Punch             ||     2
 Cast: Beastly Appendage ||     6
  Use: Potion            ||     1
 Stab: Sleeping          ||     2
  Eat: Chunk             ||     3
Armor: Skin              ||    59
Dodge: Dodged            ||    98

Table legend:
 A = Non-vault XP
 B = Vault XP
 C = Vault XP percentage of total XP
 D = Non-vault monster count
 E = Vault monster count
 F = Vault count percentage of total count
                 A         B        C        D         E       F
            +---------+---------+-------+---------+---------+-------
      Total |      79 |       0 |   0.0 |      26 |       0 |   0.0
            +---------+---------+-------+---------+---------+-------
        D:1 |      10 |       0 |   0.0 |       6 |       0 |   0.0
        D:2 |      66 |       0 |   0.0 |      19 |       0 |   0.0
        D:3 |       3 |       0 |   0.0 |       1 |       0 |   0.0
            +---------+---------+-------+---------+---------+-------
